[Event "*** Titled Tuesday Blitz AM"]
[Site "Chess.com"]
[Date "2020.01.07"]
[Round "2"]
[White "OparinGrigoriy"]
[Black "ChessQueen"]
[Result "1-0"]
[WhiteElo "3038"]
[BlackElo "2670"]
[TimeControl "180+2"]
[EndTime "9:20:35 PST"]
[Termination "OparinGrigoriy won by resignation"]

1. Nf3 Nf6 2. g3 b6 3. Bg2 Bb7 4. d4 e6 5. c4 Be7 6. O-O O-O 7. Nc3 Ne4 8. Bd2 d5 9. cxd5 exd5 10. Qb3 Na6 11. Rac1 c5 12. Rfd1 c4 13. Qc2 Nb4 14.
Qb1 Nf6 15. Ne5 Nc6 16. Bg5 Na5 17. b4 cxb3 18. axb3 Rc8 19. e3 a6 20. Na4 h6 21.
Bxf6 Bxf6 22. b4 Nc6 23. Nxc6 Bxc6 24. Nc3 Bb7 25. Qb3 Qd6 26. Nxd5 Bxd5 27. Bxd5 Rxc1 28. Rxc1 Be7 29. Rc6 Qxb4 30. Qxb4 Bxb4 31. Rxb6 a5 32. Rb7 g6 33. h4 Kg7 34. g4 Kf6 35. f4 Be7 36.
g5+ 1-0

[Event "*** Titled Tuesday Blitz AM"]
[Site "Chess.com"]
[Date "2020.01.07"]
[Round "2"]
[White "WelshTiger"]
[Black "Gr3egor"]
[Result "0-1"]
[WhiteElo "2379"]
[BlackElo "2765"]
[TimeControl "180+2"]
[EndTime "9:20:36 PST"]
[Termination "Gr3egor won by resignation"]

1. e4 g6 2. d4 Bg7 3. Nc3 a6 4. a4 d6 5. g3 b6 6. Bg2 Bb7 7. h3 Nd7 8. Nge2 e6 9. O-O Ne7 10.
Be3 O-O 11. Qd2 c6 12. Bh6 Re8 13. Bxg7 Kxg7 14. Rad1 d5 15. Nf4 b5 16. axb5 axb5 17. exd5 exd5 18. Rde1 b4 19. Nd1 Qb6 20. Nh5+ gxh5 21.
Rxe7 Rxe7 22. Qg5+ Kf8 23. Ne3 Re6 24. Qxh5 Qd8 25. Qxh7 Qf6 26. Ng4 Qg7 27. Qd3 Ba6 28.
Qd2 Bxf1 29. Bxf1 b3 30. Qb4+ Ke8 31. Qxb3 Qxd4 32. Qb7 Ra1 33. Qc8+ Ke7 34. Qg8 Qd1 35. Qg5+ f6 36. Qg7+ Kd6 37. Nh2 Re1 38. Kg2 Rxf1 0-1

[Event "*** Titled Tuesday Blitz AM"]
[Site "Chess.com"]
[Date "2020.01.07"]
[Round "2"]
[White "Sven_Tica"]
[Black "mishanick"]
[Result "0-1"]
[WhiteElo "2652"]
[BlackElo "2965"]
[TimeControl "180+2"]
[EndTime "9:20:45 PST"]
[Termination "mishanick won by resignation"]

1. d4 Nf6 2. c4 e6 3. g3 d5 4.
Bg2 Bb4+ 5. Bd2 Be7 6. Nf3 c6 7. Qc2 Nbd7 8. Bf4 O-O 9. O-O b6 10. Rd1 Ba6 11. Ne5 Nxe5 12. dxe5 Nd7 13. cxd5 cxd5 14.
e4 Rc8 15. Qd2 g5 16. Be3 Nxe5 17. exd5 Nc4 18. Qe1 Nxe3 19. Qxe3 Bc5 20. Qd2 exd5 21.
Bxd5 Qf6 22. Nc3 Qg6 23. Ne4 Be7 24. Rac1 Kg7 25. Qd4+ Bf6 26. Qa4 Be2 27. Re1 Rxc1 28. Rxc1 Rd8 29. Bb3 Rd4 30. Nxf6 Rxa4 31. Ne8+ Kf8 32.
Bxa4 b5 33. Bb3 Kxe8 34. Re1 Qd3 0-1

[Event "*** Titled Tuesday Blitz AM"]
[Site "Chess.com"]
[Date "2020.01.07"]
[Round "2"]
[White "Colombiano07"]
[Black "enriquetejedor"]
[Result "0-1"]
[WhiteElo "2160"]
[BlackElo "2465"]
[TimeControl "180+2"]
[EndTime "9:20:46 PST"]
[Termination "enriquetejedor won by checkmate"]

1. Nf3 d5 2. b3 Bg4 3. e3 Nd7 4. Bb2 c6 5. h3 Bxf3 6. Qxf3 e5 7.
c4 Ngf6 8. Nc3 d4 9. exd4 exd4 10. Ne4 Qe7 11. d3 Nxe4 12. Qxe4 Qxe4+ 13. dxe4 c5 14. f4 g5 15. g3 h5 16. h4 gxf4 17. gxf4 Bh6 18. Bc1 O-O-O 19. Bh3 Rde8 20. e5 Kc7 21. Kf2 Nf8 22. Bf5 Ng6 23. Kf3 Rhg8 24. Bd2 Nxe5+ 25.
fxe5 Bxd2 26. Ke4 Rg3 27. Raf1 Re3+ 28. Kd5 R8xe5# 0-1

[Event "*** Titled Tuesday Blitz AM"]
[Site "Chess.com"]
[Date "2020.01.07"]
[Round "2"]
[White "AtabayevSaparmyrat"]
[Black "Firouzja2003"]
[Result "0-1"]
[WhiteElo "2693"]
[BlackElo "3090"]
[TimeControl "180+2"]
[EndTime "9:20:50 PST"]
[Termination "Firouzja2003 won by resignation"]

1. e4 d5 2. exd5 Qxd5 3. Nc3 Qa5 4. Nf3 Nf6 5. d4 Bf5 6. Bd3 Bxd3 7. Qxd3 e6 8. Qb5+ Qxb5 9. Nxb5 Na6 10. O-O c6 11. Nc3 Be7 12. Bg5 O-O 13. Ne4 Rfd8 14. c3 Nc7 15. Bxf6 gxf6 16. Rfd1 Nd5 17. Kf1 Rac8 18.
Ned2 c5 19. dxc5 Bxc5 20. Ne4 Be7 21. Rd2 b5 22. Rad1 b4 23. cxb4 Bxb4 24. Rd4 Be7 25.
g4 Kg7 26. h3 Rc2 27. R4d2 Rdc8 28. a3 Rxd2 29. Rxd2 Rc1+ 30. Kg2 h5 31. Neg5 fxg5 0-1

[Event "*** Titled Tuesday Blitz AM"]
[Site "Chess.com"]
[Date "2020.01.07"]
[Round "2"]
[White "Sn00pPawn"]
[Black "chigorin28"]
[Result "0-1"]
[WhiteElo "1957"]
[BlackElo "2407"]
[TimeControl "180+2"]
[EndTime "9:20:53 PST"]
[Termination "chigorin28 won by resignation"]

1. d4 Nf6 2. c4 c5 3. d5 b5 4. cxb5 a6 5. bxa6 Bxa6 6. Nc3 d6 7.
Nf3 g6 8. g3 Bg7 9. e4 Bxf1 10.
Kxf1 O-O 11. Kg2 Nbd7 12. h3 Qa5 13. Qc2 Rfb8 14. Re1 Ne8 15. Bd2 Nc7 16. Rab1 Qa6 17. Bg5 Re8 18. Rbc1 h6 19. Bf4 Reb8 20. e5 dxe5 21.
Nxe5 Nxe5 22. Bxe5 Bxe5 23. Rxe5 e6 24. Ne4 Nxd5 25.
Nxc5 Qxa2 26. Nd7 Rxb2 27. Qc8+ Rxc8 28. Rxc8+ Kg7 29. Rxd5 Rxf2+ 0-1

[Event "*** Titled Tuesday Blitz AM"]
[Site "Chess.com"]
[Date "2020.01.07"]
[Round "2"]
[White "Everyfishknows"]
[Black "TregubovP"]
[Result "0-1"]
[WhiteElo "2328"]
[BlackElo "2559"]
[TimeControl "180+2"]
[EndTime "9:20:58 PST"]
[Termination "TregubovP won by resignation"]

1. Nf3 c5 2. c4 Nc6 3. d4 cxd4 4. Nxd4 g6 5. e4 Bg7 6. Be3 Nf6 7. Nc3 O-O 8. Be2 d6 9. O-O Bd7 10. Qd2 Rc8 11.
Rac1 Ng4 12. Bxg4 Bxg4 13. f3 Bd7 14. b3 a6 15. Rfd1 Ne5 16. Nd5 e6 17. Nc3 Qa5 18.
Nde2 b5 19. cxb5 axb5 20. Qxd6 b4 21. Na4 Bxa4 22. bxa4 Nc4 23. Qd3 Nb2 24. Qb5 Qxb5 25. axb5 Nxd1 26. Rxd1 Rc2 27. Kf2 Rxa2 28. Rb1 Rb2 29.
Rc1 b3 30. Ke1 Ra2 31. Nd4 b2 32. Rb1 Ra1 0-1

[Event "*** Titled Tuesday Blitz AM"]
[Site "Chess.com"]
[Date "2020.01.07"]
[Round "2"]
[White "Rhinos1"]
[Black "RojonR"]
[Result "0-1"]
[WhiteElo "2134"]
[BlackElo "2455"]
[TimeControl "180+2"]
[EndTime "9:21:00 PST"]
[Termination "RojonR won on time"]

1. d4 Nf6 2. Nf3 e6 3. g3 b5 4. Bg2 Bb7 5. a4 b4 6. c4 bxc3 7. bxc3 Be7 8. O-O O-O 9. Nbd2 c5 10. Rb1 Bc6 11. Bb2 cxd4 12. cxd4 Qa5 13. Nc4 Qxa4 14. Qxa4 Bxa4 15. Nfe5 d5 16. Ra1 Bc6 17. Na5 Bb5 18. Bf3 Bd6 19. Rfb1 a6 20. Ba3 Bxa3 21. Rxa3 Nbd7 0-1

[Event "*** Titled Tuesday Blitz AM"]
[Site "Chess.com"]
[Date "2020.01.07"]
[Round "2"]
[White "Kirill_Klukin"]
[Black "novocane"]
[Result "1-0"]
[WhiteElo "2703"]
[BlackElo "2187"]
[TimeControl "180+2"]
[EndTime "9:21:08 PST"]
[Termination "Kirill_Klukin won by resignation"]

1. d4 Nf6 2. Nf3 e6 3. e3 b6 4. Bd3 Bb7 5. O-O Be7 6. c4 d5 7.
Nc3 Nbd7 8. cxd5 exd5 9. b3 O-O 10. Bb2 Re8 11. Rc1 c5 12. Ne2 Ne4 13. dxc5 bxc5 14. Bxe4 dxe4 15. Nd2 Nf6 16. Nc4 Qd3 17. Nf4 Qxd1 18.
Rfxd1 Rad8 19. h3 h6 20. Ne2 Nd5 21. Ba3 Nb4 22. Bxb4 cxb4 23. Nd4 g6 24. Na5 Ba8 25. Nac6 Bxc6 26. Nxc6 Rxd1+ 27. Rxd1 Bf6 28. Rd6 Kg7 29. Nxb4 Be7 30. Rd4 f5 31. Nc6 Bc5 32. Rd7+ Kf6 33. g3 Ke6 34. Rh7 Rc8 35. Nxa7 Bxa7 36. Rxa7 Rc2 37.
Kg2 h5 38. h4 Ke5 39. Ra5+ 1-0

[Event "*** Titled Tuesday Blitz AM"]
[Site "Chess.com"]
[Date "2020.01.07"]
[Round "2"]
[White "pedroholly22"]
[Black "Gordima"]
[Result "0-1"]
[WhiteElo "2389"]
[BlackElo "2830"]
[TimeControl "180+2"]
[EndTime "9:21:09 PST"]
[Termination "Gordima won by resignation"]

1. e4 e5 2. Nf3 Nc6 3. Bb5 Nf6 4. O-O Nxe4 5. d4 Nd6 6. dxe5 Nxb5 7. a4 d6 8. Re1 Nxe5 9. Nxe5 dxe5 10. Rxe5+ Be6 11.
Rxe6+ fxe6 12. Qh5+ g6 13. Qxb5+ Qd7 14. Qe2 Bg7 15.
Nc3 O-O 16. Be3 Rad8 17. Re1 a6 18. a5 Qc6 19. Bg5 Rd7 20. Ne4 Bxb2 21. c3 Qb5 22. Qxb5 axb5 23. Nf6+ Rxf6 24. Bxf6 b4 25. Rxe6 Rd1+ 0-1

[Event "*** Titled Tuesday Blitz AM"]
[Site "Chess.com"]
[Date "2020.01.07"]
[Round "2"]
[White "TigrVShlyape"]
[Black "nonscitis"]
[Result "1/2-1/2"]
[WhiteElo "2822"]
[BlackElo "2574"]
[TimeControl "180+2"]
[EndTime "9:21:15 PST"]
[Termination "Game drawn by repetition"]

1. d4 Nf6 2. Nf3 e6 3. Bf4 d5 4.
e3 Bd6 5. Bg3 c5 6. Bb5+ Nc6 7.
Bxc6+ bxc6 8. c3 Rb8 9. Qa4 Bxg3 10. hxg3 Rxb2 11. Nbd2 Qb6 12. O-O Qa6 13. Qxa6 Bxa6 14. Rfb1 Rxb1+ 15. Rxb1 Nd7 16. Ne5 cxd4 17. cxd4 Ke7 18.
Nxc6+ Kd6 19. Nxa7 Ra8 20. Nb5+ Bxb5 21. Rxb5 Rxa2 22.
Nf3 Ra1+ 23. Kh2 Ra2 24. Kg1 Ra1+ 25. Kh2 Ra2 26. Kg1 1/2-1/2

[Event "*** Titled Tuesday Blitz AM"]
[Site "Chess.com"]
[Date "2020.01.07"]
[Round "2"]
[White "ViennaRocket"]
[Black "wannabe2700"]
[Result "0-1"]
[WhiteElo "2382"]
[BlackElo "2787"]
[TimeControl "180+2"]
[EndTime "9:21:20 PST"]
[Termination "wannabe2700 won by resignation"]

1. d4 Nf6 2. c4 e6 3. Nc3 Bb4 4. Qc2 O-O 5. e4 d5 6. e5 Ne4 7. Bd3 c5 8. Nf3 cxd4 9. Nxd4 Nd7 10. Bf4 Qh4 11. g3 Qh5 12. Bxe4 dxe4 13. Qxe4 Bxc3+ 14. bxc3 Nc5 15. Qe2 Qh3 16. O-O-O b6 17. Nb5 Bb7 18. Rhe1 Qxh2 19. Nd6 Bc6 20. Be3 Na4 21. Bd4 Rad8 22. f4 Qxg3 23. Qe3 Qxe3+ 24. Rxe3 g6 25. Rd2 h5 26. Rg3 Kh7 27. Rh2 Rd7 28. Kc2 Rc7 29.
Kb3 Rb8 30. Kc2 Bb7 31. Kb3 Nc5+ 32. Bxc5 bxc5 33. Rb2 Be4+ 34. Ka3 Rxb2 35. Kxb2 Bf5 36. Rg2 Kh6 37. Rh2 g5 38. fxg5+ Kxg5 39. Kc1 h4 40. Kd2 Kg4 41. Nxf5 exf5 42. Rg2+ Kf3 43. Rg5 f4 44. Rf5 h3 45. Ke1 Rb7 46. Rh5 Rb1+ 47. Kd2 h2 0-1

[Event "*** Titled Tuesday Blitz AM"]
[Site "Chess.com"]
[Date "2020.01.07"]
[Round "2"]
[White "Kirill_Kopenkin"]
[Black "hazy13"]
[Result "1-0"]
[WhiteElo "2497"]
[BlackElo "2216"]
[TimeControl "180+2"]
[EndTime "9:21:20 PST"]
[Termination "Kirill_Kopenkin won by checkmate"]

1. e4 c5 2. Nf3 g6 3. d4 cxd4 4. Nxd4 Nc6 5. c4 Bg7 6. Be3 Nf6 7. Nc3 Ng4 8. Qxg4 Nxd4 9. Qd1 Ne6 10. Qd2 Qa5 11.
Rc1 b6 12. Be2 Bb7 13. f3 f5 14. exf5 gxf5 15. O-O Rg8 16. Rfd1 Rd8 17. Nd5 Qxd2 18. Rxd2 Be5 19. f4 Bxd5 20. Rxd5 Bxf4 21. Bh5+ Kf8 22.
Rxf5+ Kg7 23. Bxf4 Rgf8 24. Be5+ Kh6 25. Rcf1 d6 26.
Bc3 Rxf5 27. Rxf5 Ng7 28. Bd2# 1-0

[Event "*** Titled Tuesday Blitz AM"]
[Site "Chess.com"]
[Date "2020.01.07"]
[Round "2"]
[White "BIG_Pirate"]
[Black "tigra"]
[Result "0-1"]
[WhiteElo "2412"]
[BlackElo "2734"]
[TimeControl "180+2"]
[EndTime "9:21:21 PST"]
[Termination "tigra won by resignation"]

1. Nf3 d5 2. c4 d4 3. g3 Nc6 4. Bg2 e5 5. O-O a5 6. d3 Bc5 7. Na3 h6 8. Nb5 Nf6 9. b3 Bg4 10. Rb1 Qe7 11. Re1 e4 12. dxe4 Nxe4 13. Bf4 O-O-O 14.
Nxc7 Nc3 15. Qc1 Nxe2+ 16. Rxe2 Qxe2 17. Nd2 g5 18. Ne4 gxf4 19. Nxc5 f3 20. Nd5 fxg2 21. Qf4 Ne5 0-1

[Event "*** Titled Tuesday Blitz AM"]
[Site "Chess.com"]
[Date "2020.01.07"]
[Round "2"]
[White "Flawless_Fighter"]
[Black "Peroncio"]
[Result "0-1"]
[WhiteElo "2453"]
[BlackElo "2744"]
[TimeControl "180+2"]
[EndTime "9:21:26 PST"]
[Termination "Peroncio won by resignation"]

1. e4 e6 2. d4 d5 3. Nd2 Be7 4.
Bd3 c5 5. dxc5 Nf6 6. exd5 Qxd5 7. Ngf3 Nbd7 8. b4 a5 9. Bc4 Qh5 10. c3 Ne5 11. Be2 Nxf3+ 12. Nxf3 O-O 13. O-O axb4 14.
cxb4 Nd5 15. Qb3 Bf6 16. Bb2 Nf4 17. Rfe1 Qg4 18. g3 Bxb2 19. Qxb2 Nxe2+ 20. Qxe2 Qxb4 21. Rec1 Ra3 22. Rab1 Qa5 23. Rb2 Bd7 24. Ne5 Bc6 25.
Nc4 Qa6 26. Nxa3 Qxa3 27. Rb3 Qxc1+ 28. Qf1 Qxc5 0-1

[Event "*** Titled Tuesday Blitz AM"]
[Site "Chess.com"]
[Date "2020.01.07"]
[Round "2"]
[White "Triumphmate"]
[Black "1stSecond"]
[Result "0-1"]
[WhiteElo "2552"]
[BlackElo "2819"]
[TimeControl "180+2"]
[EndTime "9:21:29 PST"]
[Termination "1stSecond won by resignation"]

1. e4 c5 2. Nf3 Nc6 3. d4 cxd4 4.
Nxd4 e6 5. Nc3 a6 6. Nxc6 bxc6 7. Bd3 d5 8. exd5 cxd5 9. O-O Bd6 10. f4 Ne7 11. Be3 Rb8 12. b3 O-O 13. Ne2 Ng6 14.
Qd2 Qc7 15. Kh1 Ne7 16. Nd4 Nc6 17. c3 Nxd4 18. Bxd4 a5 19. Qf2 a4 20. b4 f5 21. a3 Bd7 22. Rae1 Rfe8 23. Re3 Bb5 24. Bxb5 Rxb5 25. Rfe1 Qf7 26. Qe2 Rbb8 27. g3 Re7 28. Rxe6 Rbe8 29. Rxe7 Rxe7 30. Qd1 Rxe1+ 31. Qxe1 h6 32. Kg2 Kh7 33. Qd1 Qe8 34. Qe2 Qxe2+ 0-1

[Event "*** Titled Tuesday Blitz AM"]
[Site "Chess.com"]
[Date "2020.01.07"]
[Round "2"]
[White "nouma78"]
[Black "Msb2"]
[Result "0-1"]
[WhiteElo "2519"]
[BlackElo "2863"]
[TimeControl "180+2"]
[EndTime "9:21:33 PST"]
[Termination "Msb2 won by resignation"]

1. d4 Nf6 2. c4 e6 3. Nc3 Bb4 4. e3 O-O 5. Ne2 c6 6. a3 Ba5 7. c5 d5 8. cxd6 Qxd6 9. b4 Bc7 10. g3 e5 11. Bg2 Bg4 12. Bb2 exd4 13. Qxd4 Qxd4 14.
Nxd4 Nbd7 15. h3 Bh5 16. f4 Rfe8 17. Kf2 h6 18. b5 Nc5 19. Rhb1 Nd3+ 20. Kg1 Nxb2 21.
Rxb2 Rxe3 22. Na4 Rxg3 23. bxc6 bxc6 24. Nf5 Rd3 25. Nc5 Rc3 0-1

[Event "*** Titled Tuesday Blitz AM"]
[Site "Chess.com"]
[Date "2020.01.07"]
[Round "2"]
[White "FelixJoseYnojosa"]
[Black "fireheart92"]
[Result "0-1"]
[WhiteElo "2610"]
[BlackElo "2907"]
[TimeControl "180+2"]
[EndTime "9:21:43 PST"]
[Termination "fireheart92 won by resignation"]

1. e4 g6 2. d4 Bg7 3. c3 d6 4. f4 Nf6 5. Bd3 c5 6. Nf3 O-O 7. O-O Nc6 8. d5 Na5 9. c4 b5 10. cxb5 a6 11. bxa6 Qb6 12. Kh1 Bxa6 13. Nc3 Bxd3 14.
Qxd3 Rfb8 15. e5 Ne8 16. e6 f5 17. Rb1 Nc7 18. Ng5 Qa6 19. Rd1 Qxd3 20. Rxd3 Bxc3 21.
Rxc3 Nxd5 22. Rh3 h5 23. Rg3 Nc6 24. Nf3 Kh7 25. Nh4 Rg8 26. a3 Nd4 27. Rd3 Nf6 28.
b4 Nxe6 29. bxc5 Nxc5 30. Re3 Nfe4 31. Nf3 Rgb8 32. Ra1 Nb3 33. Rb1 Nbc5 34. Ra1 Rb3 35. h3 Nd3 36. Nd4 Rc3 37. Nb5 Rxc1+ 38. Rxc1 Nxc1 0-1

[Event "*** Titled Tuesday Blitz AM"]
[Site "Chess.com"]
[Date "2020.01.07"]
[Round "2"]
[White "bhavesh1810"]
[Black "JSMastropiero"]
[Result "1-0"]
[WhiteElo "2013"]
[BlackElo "2394"]
[TimeControl "180+2"]
[EndTime "9:21:44 PST"]
[Termination "bhavesh1810 won by resignation"]

1. e4 c5 2. Nf3 e6 3. d4 cxd4 4.
Nxd4 a6 5. c4 Nf6 6. Nc3 Qc7 7.
Be2 Bb4 8. Qc2 Nc6 9. Nf3 Bxc3+ 10. Qxc3 d6 11. Bg5 Qe7 12. O-O e5 13. Qd3 Be6 14. b3 h6 15. Be3 Rd8 16. Bb6 Rd7 17. h3 O-O 18. Rfd1 Nh5 19. Qe3 Nf4 20. Bf1 f5 21.
exf5 Rxf5 22. Kh2 Qf7 23. Ne1 Nxh3 24. gxh3 Nd4 25. Rxd4 Rxf2+ 26. Bg2 exd4 27. Bxd4 Rf5 28. Nf3 Rd8 29. Rg1 g5 30. Bh1 Bd7 31. Nh4 Rf4 32.
Bd5 Qxd5 33. cxd5 Rxh4 34. Rxg5+ 1-0

[Event "*** Titled Tuesday Blitz AM"]
[Site "Chess.com"]
[Date "2020.01.07"]
[Round "2"]
[White "dolynachess"]
[Black "Aygehovit1992"]
[Result "1-0"]
[WhiteElo "2364"]
[BlackElo "2585"]
[TimeControl "180+2"]
[EndTime "9:21:53 PST"]
[Termination "dolynachess won by resignation"]

1. d4 Nf6 2. c4 g6 3. Nc3 Bg7 4. e4 O-O 5. Nf3 d6 6. Be2 e5 7. d5 a5 8. Be3 Ng4 9. Bg5 f6 10. Bh4 g5 11. Bg3 Nh6 12. Nd2 f5 13. f3 Na6 14. a3 Bd7 15. Bf2 g4 16. h3 gxf3 17. gxf3 fxe4 18. fxe4 Nc5 19. Nf3 a4 20. Bxc5 dxc5 21. Kd2 Nf7 22. Kc2 Ra6 23. Qd3 Rg6 24.
Rag1 Nd6 25. Kb1 Rf4 26. Bd1 Qf6 27. Nd2 Rxg1 28. Rxg1 Rh4 29. Rg3 Kh8 30. Bxa4 Bxa4 31. Nxa4 Bh6 32. Nxc5 Bxd2 33. Qxd2 b6 34. Qg2 Qf7 35.
Ne6 Nxe4 36. Rg7 Qe8 37. Rxc7 Qf8 1-0

[Event "*** Titled Tuesday Blitz AM"]
[Site "Chess.com"]
[Date "2020.01.07"]
[Round "2"]
[White "Keranke"]
[Black "MFBerna"]
[Result "1-0"]
[WhiteElo "2749"]
[BlackElo "2454"]
[TimeControl "180+2"]
[EndTime "9:21:59 PST"]
[Termination "Keranke won by resignation"]

1. d4 Nf6 2. c4 e6 3. g3 d5 4. Bg2 Be7 5. Nf3 O-O 6. O-O dxc4 7. Qc2 a6 8. Qxc4 b5 9. Qc2 Bb7 10. Bd2 Be4 11. Qc1 Nc6 12. e3 Ra7 13. Nc3 Bd3 14. Rd1 Qd6 15. Ne1 Bc4 16. b3 Bd5 17. e4 Nxd4 18.
exd5 e5 19. Be3 Qb4 20. Bxd4 exd4 21. Ne2 Qd6 22. Nxd4 Ng4 23. Nc6 Raa8 24. Nxe7+ Qxe7 25. d6 Qf6 26. Qf4 Qxf4 27. gxf4 Ra7 28. d7 Rd8 29. Rac1 Nf6 30. Bc6 Kf8 31. Nf3 Nh5 32. Rd4 g6 33. Re1 Ng7 34. Ng5 Nf5 35. Re8+ Kg7 36. Rd5 Rxd7 37.
Rxd7 1-0

[Event "*** Titled Tuesday Blitz AM"]
[Site "Chess.com"]
[Date "2020.01.07"]
[Round "2"]
[White "Gogolev_Artemy"]
[Black "ori99"]
[Result "1-0"]
[WhiteElo "2418"]
[BlackElo "2030"]
[TimeControl "180+2"]
[EndTime "9:22:06 PST"]
[Termination "Gogolev_Artemy won by resignation"]

1. d4 Nf6 2. Nf3 c5 3. d5 e6 4. c4 exd5 5. cxd5 Bd6 6. Nc3 O-O 7. g3 Re8 8. Bg2 Bc7 9. d6 Ba5 10. O-O Nc6 11. Bg5 Bxc3 12. bxc3 h6 13. Bf4 b6 14. Ne5 Bb7 15. Re1 g5 16. Nxc6 Bxc6 17. Be3 Bxg2 18. Kxg2 Ng4 19. Bd2 Qf6 20. f3 Ne3+ 21.
Bxe3 Rxe3 22. c4 Rae8 23. Qd2 Qe6 24. Kf2 Qxc4 25. Rad1 Qe6 26. a4 f6 27. a5 Kg7 28.
axb6 axb6 29. Rb1 Rb3 30. Qc2 c4 31. Rxb3 cxb3 32. Qd3 Rc8 33. Rb1 Rc6 34. Rxb3 Rxd6 35. Qb5 h5 36. Re3 Qd5 37. Qxd5 Rxd5 38. Re7+ Kg6 39.
Ke3 b5 40. Re8 Re5+ 41. Rxe5 fxe5 42. Ke4 Kf6 43. Kd5 g4 44. Kc5 Kf5 45. Kxb5 gxf3 46. exf3 e4 47. fxe4+ Kxe4 48. h3 d5 49. g4 hxg4 50.
hxg4 d4 51. g5 d3 52. g6 d2 53. g7 d1=Q 54. g8=Q Qb3+ 55. Qxb3 1-0

[Event "*** Titled Tuesday Blitz AM"]
[Site "Chess.com"]
[Date "2020.01.07"]
[Round "2"]
[White "Pultis"]
[Black "Mikhail_Golubev"]
[Result "1-0"]
[WhiteElo "2855"]
[BlackElo "2582"]
[TimeControl "180+2"]
[EndTime "9:22:10 PST"]
[Termination "Pultis won by resignation"]

1. d4 Nf6 2. c4 g6 3. Nc3 Bg7 4. g3 O-O 5. Bg2 d6 6. Nf3 Nc6 7.
O-O Bf5 8. d5 Na5 9. Nd4 Bd7 10.
b3 c5 11. dxc6 bxc6 12. Bb2 Rb8 13. Rb1 Qc7 14. Qd2 Rfd8 15. Rfd1 e5 16. Nc2 Be6 17.
e4 c5 18. Nd5 Nxd5 19. exd5 Bf5 20. Bc3 Nb7 21. Rb2 Re8 22. Ne3 Bd7 23. Qc1 a5 24. a4 Nd8 25. Rf1 f5 26. Qe1 Ra8 27.
Qa1 Nf7 28. Re2 Bh8 29. Nc2 g5 30. Na3 f4 31. Nb5 Qd8 32. Rfe1 Rf8 33. Be4 g4 34. gxf4 exf4 35. Bxh8 Nxh8 36. Nxd6 f3 37. Bxh7+ Kxh7 38. Re7+ Nf7 39. Qf6 Ra6 40. Rxf7+ 1-0

[Event "*** Titled Tuesday Blitz AM"]
[Site "Chess.com"]
[Date "2020.01.07"]
[Round "2"]
[White "JSPrepz"]
[Black "Snegokhod"]
[Result "0-1"]
[WhiteElo "2802"]
[BlackElo "2586"]
[TimeControl "180+2"]
[EndTime "9:22:10 PST"]
[Termination "Snegokhod won by resignation"]

1. e4 e5 2. Nf3 d5 3. exd5 e4 4.
Qe2 Nf6 5. d3 Qxd5 6. Nbd2 Nc6 7. Nxe4 Be6 8. Nxf6+ gxf6 9. c3 O-O-O 10. Qe4 Qd7 11.
Be3 f5 12. Qa4 a6 13. Be2 Rg8 14. O-O Bd6 15. Bg5 Rde8 16. Rfe1 Bd5 17. Qh4 h6 18. Be3 f4 19. c4 Bxf3 20. Bxf3 fxe3 21. fxe3 Ne5 22. Be2 Ng4 23. Bf3 Nxe3 24. d4 Nf5 25. Rxe8+ Rxe8 26. Qg4 h5 27. Qxh5 Nxd4 28. Bg4 f5 29.
Bh3 Kb8 30. Kh1 Qe6 31. Rf1 Qe5 32. g3 Rh8 33. Qg5 Rxh3 34. Kg2 Qe2+ 35. Rf2 Rxh2+ 36. Kxh2 Qxf2+ 37. Kh3 Qh2+ 38. Kxh2 Nf3+ 39. Kg2 Nxg5 0-1

[Event "*** Titled Tuesday Blitz AM"]
[Site "Chess.com"]
[Date "2020.01.07"]
[Round "2"]
[White "MartinMatthiesen"]
[Black "Korchmar_Vasiliy"]
[Result "0-1"]
[WhiteElo "2497"]
[BlackElo "2760"]
[TimeControl "180+2"]
[EndTime "9:22:10 PST"]
[Termination "Korchmar_Vasiliy won by resignation"]

1. d4 Nf6 2. c4 c6 3. Nf3 d5 4.
Nc3 a6 5. e3 e6 6. b3 Bb4 7.
Bd2 O-O 8. Bd3 Nbd7 9. O-O Qe7 10. Qc2 e5 11. dxe5 Nxe5 12. Nxe5 Qxe5 13. Nxd5 Nxd5 14.
cxd5 Bxd2 15. Qxd2 Qxd5 16. Rfd1 Bg4 17. f3 Bh5 18.
Qc2 Qe5 19. Bxh7+ Kh8 20. Qe4 Qf6 21. Bf5 Rad8 22. Rd4 Rde8 23. Qf4 g5 24. Qd6 Qxf5 25. Qh6+ Qh7 26. Qxg5 Rg8 27. Qf6+ Qg7 28. Qxg7+ Kxg7 29. Kf2 Re7 30. Rad1 Rge8 31. e4 f6 32. g4 Bf7 33.
Kg3 Rc8 34. h4 c5 35. Rd6 c4 36. bxc4 Rxc4 37. R1d2 Rc3 38. Kf4 Ra3 39. g5 fxg5+ 40. hxg5 Bxa2 41. Rh2 Rf7+ 42. Kg3 Raxf3+ 0-1

[Event "*** Titled Tuesday Blitz AM"]
[Site "Chess.com"]
[Date "2020.01.07"]
[Round "2"]
[White "GeorgMeier"]
[Black "mikhaillushenkov"]
[Result "1-0"]
[WhiteElo "2962"]
[BlackElo "2652"]
[TimeControl "180+2"]
[EndTime "9:22:13 PST"]
[Termination "GeorgMeier won by resignation"]

1. Nf3 d5 2. g3 Nc6 3. d4 Bf5 4.
Bg2 Nb4 5. Na3 e6 6. O-O h6 7. c3 Nc6 8. Qa4 Bd6 9. Nb5 Nf6 10. Nxd6+ cxd6 11. Nd2 O-O 12. f3 Bh7 13. Re1 a6 14. Nf1 b5 15. Qd1 Rc8 16. Be3 Na5 17. Bf2 Nc4 18. b3 Na3 19. Rc1 b4 20. Qd2 Nb1 21.
Rxb1 bxc3 22. Qc1 Bxb1 23. Qxb1 e5 24. Ne3 Qd7 25. Rc1 exd4 26. Nc2 d3 27. exd3 d4 28. Bxd4 Nd5 29. f4 Ne7 30. Ne3 Rfe8 31. Rxc3 Rxc3 32.
Bxc3 Qa7 33. d4 Rc8 34. Qd3 Qc7 35. Bd2 Nc6 36. Nd5 Qd8 37. Bf3 Ne7 38. Kf2 1-0

[Event "*** Titled Tuesday Blitz AM"]
[Site "Chess.com"]
[Date "2020.01.07"]
[Round "2"]
[White "ural58"]
[Black "Borsuk_Konstantin"]
[Result "0-1"]
[WhiteElo "2313"]
[BlackElo "2536"]
[TimeControl "180+2"]
[EndTime "9:22:13 PST"]
[Termination "Borsuk_Konstantin won by resignation"]

1. Nc3 d5 2. d4 Bf5 3. Bf4 e6 4. f3 Bb4 5. Qd2 Nd7 6. a3 Bxc3 7. Qxc3 Rc8 8. e3 c5 9. dxc5 Ngf6 10. b4 O-O 11. Bd6 Re8 12. g4 Nxg4 13. fxg4 Be4 14. O-O-O Bxh1 15. Bd3 Nxc5 16. Bxc5 b6 17. Ne2 Bf3 18.
Bxb6 Rxc3 19. Bxd8 Bxe2 20. Bxe2 Rxd8 21. Rd3 Rdc8 22. Rxc3 Rxc3 23. a4 Kf8 24. Kd2 Ra3 25. Bb5 Ke7 26. e4 Kd6 27. exd5 exd5 28. a5 Rh3 29. c4 Rxh2+ 30. Kc3 dxc4 31. Bxc4 Rh3+ 32. Kd4 Rh4 33. Be2 f5 34. b5 fxg4 35. b6 g3+ 36.
Ke3 axb6 37. a6 Ra4 38. Kf3 Ra3+ 0-1

[Event "*** Titled Tuesday Blitz AM"]
[Site "Chess.com"]
[Date "2020.01.07"]
[Round "2"]
[White "BocharovD"]
[Black "AminMolaei"]
[Result "0-1"]
[WhiteElo "2755"]
[BlackElo "2551"]
[TimeControl "180+2"]
[EndTime "9:22:14 PST"]
[Termination "AminMolaei won by resignation"]

1. c4 Nf6 2. Nf3 g6 3. d4 Bg7 4. g3 O-O 5. Bg2 d5 6. cxd5 Nxd5 7. O-O Nc6 8. Nc3 Nb6 9. d5 Na5 10. Qc2 c6 11. dxc6 Nxc6 12. Rd1 Bd7 13. Be3 Qc8 14.
Rac1 Bf5 15. Qb3 Be6 16. Qc2 Bf5 17. Ne4 Rd8 18. Rxd8+ Qxd8 19. Nh4 Bxe4 20. Bxe4 Rc8 21. Rd1 Qe8 22. Qb1 Nc4 23. Bc1 Nd4 24. Kf1 Nd6 25. Bd3 Qc6 26. Ng2 e5 27. f3 Nxf3 28.
h4 Nh2+ 29. Kg1 Ng4 30. Ne3 Qb6 0-1

[Event "*** Titled Tuesday Blitz AM"]
[Site "Chess.com"]
[Date "2020.01.07"]
[Round "2"]
[White "MixMasterChess"]
[Black "Oleksandr_Bortnyk"]
[Result "0-1"]
[WhiteElo "2130"]
[BlackElo "3004"]
[TimeControl "180+2"]
[EndTime "9:22:14 PST"]
[Termination "Oleksandr_Bortnyk won by resignation"]

1. Nf3 Nf6 2. c4 b6 3. Nc3 Bb7 4. g3 g6 5. Bg2 Bg7 6. O-O O-O 7. Re1 Ne4 8. Nxe4 Bxe4 9. d3 Bb7 10. Qc2 c5 11. Bg5 Nc6 12. Qd2 Re8 13. Bh6 Bh8 14. Rab1 d5 15. Red1 e6 16. h4 dxc4 17. dxc4 Qxd2 18.
Rxd2 Rad8 19. b3 Rxd2 20. Nxd2 Rd8 21. Ne4 Rd7 22. e3 Bg7 23. Bxg7 Kxg7 24. Kf1 Nb4 25. a3 Nc2 26. a4 a5 27. h5 gxh5 28. Nc3 Bxg2+ 29. Kxg2 Rd3 30. Nb5 Rd2 31. Kf3 f5 32. Rh1 Kg6 33. Nc7 e5 34. Ne6 e4+ 35. Kf4 Rxf2+ 36. Ke5 Nxe3 37. Nf4+ Kg5 38. Rxh5+ Kg4 39.
Rh4+ Kxg3 40. Rxh7 Rxf4 41. Rg7+ Ng4+ 0-1